 Dungeon Crawl Stone Soup version 0.30.0-10-gfe55d96785 (webtiles) character file.

Game seed: 4484035448795985779

5924 gelatine the Firebug (level 10, -5/71 HPs)
             Began as a Demonspawn Fire Elementalist on May 13, 2023.
             Was an Elder of Vehumet.
             Slain by a sun demon (16 damage)
             ... summoned by a kobold demonologist
             ... on level 9 of the Dungeon.
             The game lasted 00:32:12 (12280 turns).

gelatine the Firebug (DsFE)                        Turns: 12280, Time: 00:32:14

Health: -5/71      AC: 14    Str:  8    XL:     10   Next: 53%
Magic:  0/18       EV: 11    Int: 28    God:    Vehumet [****..]
Gold:   51         SH:  0    Dex: 11    Spells: 4/20 levels left

rFire   . . .        e - +5 hammer "Labbiur" {venom, rPois rC+ Will+ Int+2}
rCold   + + .        (no shield)
rNeg    . . .        S - +4 ring mail {rC+}
rPois   +            n - +1 helmet
rElec   .            t - scarf {repulsion}
rCorr   .            O - +0 pair of gloves
SInv    .            R - +1 pair of boots
Will    +....        (no amulet)
Stlth   +            o - ring of wizardry
HPRegen 0.00/turn    c - +6 ring of intelligence
MPRegen 0.16/turn

%: repel missiles, wizardry (x1)
@: corroded, inhibited regen
A: slimy green scales 2, ignite blood 1, spiny 1, talons 1, clumsy 2, inhibited
regeneration, noise suppression
a: Renounce Religion


You were on level 9 of the Dungeon.
You worshipped Vehumet.
Vehumet was greatly pleased with you.
You visited 2 branches of the dungeon, and saw 10 of its levels.

You collected 466 gold pieces.
You spent 415 gold pieces at shops.

Inventory:

Hand Weapons
 e - the +5 hammer "Labbiur" (weapon) {venom, rPois rC+ Will+ Int+2}
   (You found it on level 6 of the Dungeon)

   Int:       It affects your intelligence (+2).
   rC:        It protects you from cold.
   rPois:     It protects you from poison.
   Will:      It increases your willpower.
 h - a +1 dagger of electrocution
 v - a +1 dagger of flaming
 Q - a +4 quarterstaff of chaos
Armour
 a - a +0 robe
 n - a +1 helmet (worn)
 t - a scarf of repulsion (worn)
 O - a +0 pair of gloves (worn)
 P - a +0 cloak
 R - a +1 pair of boots (worn)
 S - a +4 ring mail of cold resistance (worn)
Magical Staves
 j - a staff of fire
 J - a staff of cold
Jewellery
 c - a +6 ring of intelligence (right hand)
 o - a ring of wizardry (left hand)
 q - a ring of ice
 z - a ring of flight
 H - a +6 ring of strength
 I - a ring of poison resistance
Wands
 A - a wand of polymorph (9)
 C - a wand of mindburst (3)
 D - a wand of acid (1)
 G - a wand of iceblast (16)
 L - a wand of flame (14)
Scrolls
 g - 3 scrolls of fear {unknown}
 i - 3 scrolls of fog {unknown}
 m - a scroll of magic mapping
 p - 6 scrolls of teleportation {unknown}
 r - 3 scrolls of enchant weapon {unknown}
 s - 3 scrolls of blinking {unknown}
 w - 3 scrolls of brand weapon {unknown}
 x - 4 scrolls of immolation {unknown}
 y - 4 scrolls of poison {unknown}
 B - 2 scrolls of noise {unknown}
 F - a scroll of vulnerability
Potions
 b - 2 potions of magic
 d - a potion of haste
 f - 2 potions of brilliance
 k - 2 potions of invisibility
 l - a potion of resistance
 u - a potion of attraction
 E - 5 potions of heal wounds
 K - 3 potions of might
 M - a potion of berserk rage
 N - 2 potions of curing


   Skills:
 * Level 3.9 Fighting
 * Level 3.8 Short Blades
 + Level 0.9 Maces & Flails
 * Level 3.6 Armour
 * Level 4.9 Dodging
 + Level 2.8 Stealth
 + Level 5.8 Spellcasting
 * Level 4.8 Conjurations
 + Level 3.3 Hexes
 + Level 2.6 Translocations
 * Level 7.3 Fire Magic
 * Level 1.9 Ice Magic
 * Level 1.7 Air Magic
 * Level 1.4 Poison Magic
 * Level 3.3 Evocations


You had 4 spell levels left.
You knew the following spells:

 Your Spells              Type           Power      Damage    Failure   Level
a - Foxfire               Conj/Fire      100%       2x1d9     1%          1
b - Scorch                Fire           98%        2d9       1%          2
c - Volatile Blastmotes   Fire/Tloc      72%        2d16      1%          3
d - Inner Flame           Hex/Fire       38%        N/A       1%          3
e - Flame Wave            Conj/Fire      42%        2d11      1%          4
f - Mephitic Cloud        Conj/Pois/Air  23%        N/A       2%          3

Your spell library contained the following spells:

 Spells                   Type           Power      Damage    Failure   Level
 Frozen Ramparts          Ice            36%        1d6       3%          3
 Momentum Strike          Conj/Tloc      58%        3d9       1%          2
 Ignite Poison            Fire/Tmut/Pois 24%        N/A       1%          3
 Sandblast                Erth           16%        2d6       2%          1
 Stone Arrow              Conj/Erth      42%        3d9       2%          3
 Blink                    Tloc           44%        N/A       3%          2
 Lesser Beckoning         Tloc           44%        N/A       3%          2
 Tukima's Dance           Hex            26%        N/A       5%          3
 Necrotise                Necr           32%        1d5       7%          1
 Cigotuvi's Dreadful Rot  Necr/Pois/Air  28%        N/A       7%          2
 Passwall                 Tmut/Erth      6%         N/A       11%         2
 Vampiric Draining        Necr           8%         2d6       21%         3
 Passage of Golubria      Tloc           22%        N/A       22%         4
 Freezing Cloud           Conj/Ice/Air   11%        6-21      16%         5
 Yara's Violent Unravell  Hex/Tmut       8%         3d5       24%         5
 Agony                    Necr           8%         N/A       86%         5


Dungeon Overview and Level Annotations

Branches:
Dungeon (9/15)             Temple (1/1) D:4            Lair (0/5) D:9
    Orc: D:9-12

Altars:
Ashenzari
Cheibriados
Dithmenos
Fedhas
Gozag
Hepliaklqana
Kikubaaqudgha
Makhleb
Nemelex Xobeh
Okawaru
Qazlal
Ru
Sif Muna
Trog
Uskayaw
Vehumet
Wu Jian
Xom
Yredelemnul

Shops:
D:6 *   D:7 !

Annotations:
D:4 1 runed translucent door, TheFallenCrow's ghost, amateur DsWn


Innate Abilities, Weirdness & Mutations

You are mostly covered in slimy green scales. (AC +3)
Your demonic aura sometimes causes spilled blood to erupt in flames.
You are partially covered in sharp spines.
You have sharp toenails.
You are very clumsy. (Dex -4)
You do not regenerate when monsters are visible.
You passively dampen the noise of your surroundings.


Message History

The cloud of blastmotes explodes!
The concussive blast engulfs the sun demon.
The sun demon completely resists.
The concussive blast engulfs the kobold brigand!
The kobold brigand is severely wounded.
The concussive blast engulfs the kobold demonologist!!
The kobold demonologist is severely wounded.
The kobold demonologist is knocked back by the blast.
The kobold brigand is knocked back by the blast.
Casting: Scorch (safe; 1% risk of failure)
Confirm with . or Enter, or press ? or * to list all spells.
Flames lash the sun demon.
The sun demon completely resists.
The kobold demonologist casts a spell.
Casting: Scorch (safe; 1% risk of failure)
Confirm with . or Enter, or press ? or * to list all spells.
Casting: Flame Wave (dangerous; 1% risk of failure)
Press: ? - help, Dir - look around, f - activate A wave of flame ripples out!
The flame wave engulfs the sun demon.
The sun demon completely resists. (Press . to intensify the flame waves.)
The sun demon barely misses you.
The kobold demonologist looks braver for a moment.
The kobold demonologist casts a spell.
The soul eater draws from the surrounding life force!
A wave of flame ripples out!
The flame wave engulfs the sun demon.
The sun demon completely resists.
The flame wave engulfs the rust devil.
The rust devil completely resists.
The flame wave engulfs the kobold brigand.
The kobold brigand is severely wounded.
The sun demon is struck by your spines. The sun demon hits you.
You are engulfed in flames!
The kobold demonologist mumbles some strange words.
The rust devil hits you. The rust devil corrodes you!
Without enough magic to sustain them, the waves of flame dissipate.
The sun demon barely misses you.
The kobold demonologist looks encouraged for a moment.
The sun demon is struck by your spines. The sun demon hits you!
* * * LOW HITPOINT WARNING * * *
You are engulfed in flames!
You die...

############# #.....>.....#
#### ####### #...........#
..... .....<#
#.....K..5..##K5.... ......#
#.....@3K.3.KK.K....
......#####.....4K5...##......
...).)..).#......3K3..# .....
......###.........5K..# 3...
###.### ###...........####
###+# #..#
#...........P..#####.# ##.#
##................... #.#
###....P...PP.....#### #.#
#..P..P.PP......P.PP..


You could see 3 soul eaters, a sun demon (summoned), a rust devil (summoned), 2
kobold demonologists, 2 kobold brigands, 2 iron imps, a quasit (summoned) and 3
kobolds.

Vanquished Creatures
  A two-headed ogre (D:7)
  Pikel (D:8)
  Joseph (D:8)
  A manticore (D:9)
  A komodo dragon (D:9)
  Grum (D:8)
  A water moccasin (D:9)
  Duvessa (D:7)
  An ice beast (D:7)
  A black bear (D:9)
  2 orc warriors
  A sky beast (D:7)
  3 ogres
  2 wolves (D:8)
  7 bullfrogs
  2 kobold brigands
  A gnoll sergeant (D:7)
  7 scorpions
  6 wights
  Dowan (D:7)
  4 killer bees
  An electric eel (D:7)
  A howler monkey (D:7)
  A crimson imp (D:9)
  7 hounds
  Crazy Yiuf (D:6)
  A gnoll bouda (D:5)
  2 orc priests
  2 jellies
  2 orc wizards
  A sleepcap (D:6)
  5 iguanas
  Terence (D:3)
  Robin (D:3)
  12 adders
  9 gnolls
  2 shadow imps
  An ufetubus (D:5)
  2 worms (D:3)
  2 dart slugs
  40 orcs
  6 endoplasms
  6 giant cockroaches
  18 goblins
  10 hobgoblins
  4 jackals (D:1)
  8 quokkas
  14 ball pythons
  7 bats
  7 frilled lizards
  21 kobolds
  6 rats
247 creatures vanquished.

Vanquished Creatures (collateral kills)
  5 foxfires (D:9)
5 creatures vanquished.

Vanquished Creatures (others)
  An orc (D:8)
  757 foxfires
758 creatures vanquished.

Grand Total: 1010 creatures vanquished

Notes
Turn   | Place    | Note
-------+----------+-------------------------------------------
     0 | D:1      | gelatine the Demonspawn Fire Elementalist began the quest
                  | for the Orb.
     0 | D:1      | Reached XP level 1. HP: 13/13 MP: 3/3
   239 | D:1      | Gained mutation: You are partially covered in sharp spines.
                  | [demonic ancestry]
   239 | D:1      | Reached XP level 2. HP: 19/19 MP: 0/5
   312 | D:1      | Reached skill level 3 in Fire Magic
   418 | D:1      | Learned a level 2 spell: Scorch
   924 | D:1      | Reached XP level 3. HP: 25/25 MP: 4/6
  1658 | D:1      | You fall into a shaft and drop 1 floor!
  2612 | D:2      | Found a faded altar of an unknown god.
  2617 | D:2      | Reached XP level 4. HP: 25/31 MP: 1/7
  2989 | D:3      | Noticed Robin
  3002 | D:3      | Reached skill level 1 in Fighting
  3027 | D:2      | Reached skill level 1 in Armour
  3098 | D:3      | Killed Robin
  3297 | D:3      | Gained mutation: You are partially covered in slimy green
                  | scales. (AC +2) [demonic ancestry]
  3297 | D:3      | Reached XP level 5. HP: 37/37 MP: 5/9
  3474 | D:3      | Noticed Terence
  3488 | D:3      | Killed Terence
  3995 | D:3      | Reached skill level 1 in Short Blades
  4004 | D:3      | Reached XP level 6. HP: 43/43 MP: 0/10
  4366 | D:3      | Found a stormy altar of Qazlal.
  4856 | D:4      | Found a staircase to the Ecumenical Temple.
  4886 | Temple   | Entered the Ecumenical Temple
  5070 | Temple   | Became a worshipper of Vehumet
  5087 | D:4      | Found a runed translucent door.
  5133 | D:4      | Learned a level 3 spell: Volatile Blastmotes
  5754 | D:4      | Reached skill level 4 in Fire Magic
  6173 | D:4      | Noticed TheFallenCrow's ghost (amateur DsWn)
  6197 | D:5      | Entered Level 5 of the Dungeon
  6213 | D:5      | Learned a level 3 spell: Inner Flame
  6215 | D:5      | Reached * piety under Vehumet
  6215 | D:5      | Offered knowledge of Shock by Vehumet.
  6364 | D:5      | Gained mutation: You are mostly covered in slimy green
                  | scales. (AC +3) [demonic ancestry]
  6364 | D:5      | Reached XP level 7. HP: 48/48 MP: 7/12
  6754 | D:5      | Learned a level 4 spell: Flame Wave
  6930 | D:5      | Reached skill level 1 in Hexes
  7715 | D:6      | Reached skill level 1 in Evocations
  7715 | D:6      | Gained mutation: Your demonic aura sometimes causes spilled
                  | blood to erupt in flames. [demonic ancestry]
  7715 | D:6      | Reached XP level 8. HP: 56/56 MP: 7/14
  7716 | D:6      | Offered knowledge of Sandblast by Vehumet.
  7847 | D:6      | Reached ** piety under Vehumet
  8234 | D:6      | Found Qenwoi Zyrph's General Store.
  8236 | D:6      | Found Onnor's Specific Store.
  8244 | D:6      | Bought a potion of curing for 36 gold pieces
  8244 | D:6      | Bought a scroll of identify for 24 gold pieces
  8248 | D:6      | Bought a +0 pair of gloves for 67 gold pieces
  8482 | D:6      | Reached skill level 5 in Fire Magic
  8581 | D:6      | Identified the +5 hammer "Labbiur" {venom, rPois rC+ Will+
                  | Int+2}
  8586 | D:6      | Found a runed translucent door.
  8587 | D:6      | Noticed Crazy Yiuf
  8592 | D:6      | Killed Crazy Yiuf
  8709 | D:7      | Reached skill level 1 in Translocations
  9079 | D:7      | Noticed Dowan
  9083 | D:7      | Noticed Duvessa
  9085 | D:7      | Killed Dowan
  9106 | D:7      | Killed Duvessa
  9275 | D:7      | Noticed a two-headed ogre
  9284 | D:7      | Killed a two-headed ogre
  9285 | D:7      | Reached skill level 5 in Spellcasting
  9285 | D:7      | Reached skill level 6 in Fire Magic
  9285 | D:7      | Reached XP level 9. HP: 48/63 MP: 1/16
  9524 | D:7      | Found Naguob's Distillery.
  9532 | D:7      | Bought a potion of heal wounds for 60 gold pieces
  9532 | D:7      | Bought a potion of curing for 36 gold pieces
  9945 | D:8      | Noticed Grum
  9951 | D:8      | Killed Grum
 10350 | D:8      | Noticed Pikel
 10358 | D:8      | Killed Pikel
 10358 | D:8      | Offered knowledge of Mephitic Cloud by Vehumet.
 10369 | D:8      | Learned a level 3 spell: Mephitic Cloud
 10560 | D:8      | Noticed Joseph
 10577 | D:8      | Killed Joseph
 10578 | D:8      | Reached skill level 1 in Poison Magic
 10578 | D:8      | Reached XP level 10. HP: 69/71 MP: 5/18
 11085 | D:8      | Found a sparkling altar of Nemelex Xobeh.
 11143 | D:8      | Reached skill level 1 in Ice Magic
 11145 | D:8      | Reached *** piety under Vehumet
 11242 | D:8      | Found an ancient bone altar of Kikubaaqudgha.
 11407 | D:7      | Bought 2 potions of mutation for 192 gold pieces
 11407 | D:7      | Gained mutation: You are vulnerable to heat. (rF-) [potion
                  | of mutation]
 11407 | D:7      | Gained mutation: You possess an exceptional clarity of
                  | mind. [potion of mutation]
 11408 | D:7      | Lost mutation: You possess an exceptional clarity of mind.
                  | [potion of mutation]
 11408 | D:7      | Lost mutation: You are vulnerable to heat. (rF-) [potion of
                  | mutation]
 11408 | D:7      | Gained mutation: Your magical capacity is low. (-10% MP)
                  | [potion of mutation]
 11409 | D:7      | Lost mutation: Your magical capacity is low. (-10% MP)
                  | [potion of mutation]
 11409 | D:7      | Gained mutation: You are clumsy. (Dex -2) [potion of
                  | mutation]
 11409 | D:7      | Gained mutation: You are very clumsy. (Dex -4) [potion of
                  | mutation]
 11409 | D:7      | Gained mutation: Your flesh is heat resistant. (rF+)
                  | [potion of mutation]
 11409 | D:7      | Gained mutation: You expend magic power (3 MP) to
                  | strengthen your wands. [potion of mutation]
 11410 | D:7      | Lost mutation: You expend magic power (3 MP) to strengthen
                  | your wands. [potion of mutation]
 11410 | D:7      | Lost mutation: Your flesh is heat resistant. (rF+) [potion
                  | of mutation]
 11410 | D:7      | Gained mutation: You have sharp toenails. [potion of
                  | mutation]
 11410 | D:7      | Gained mutation: You do not regenerate when monsters are
                  | visible. [potion of mutation]
 11410 | D:7      | Gained mutation: You passively dampen the noise of your
                  | surroundings. [potion of mutation]
 11508 | D:9      | Found a staircase to the Lair.
 11513 | D:9      | Offered knowledge of Frozen Ramparts by Vehumet.
 11522 | D:9      | Reached skill level 1 in Air Magic
 11526 | D:9      | Reached skill level 7 in Fire Magic
 11846 | D:9      | Found a broken altar of Ashenzari.
 11846 | D:9      | Found a burning altar of Makhleb.
 11846 | D:9      | Found an iron altar of Okawaru.
 11866 | D:9      | Noticed a manticore
 11873 | D:9      | Killed a manticore
 12231 | D:9      | Reached **** piety under Vehumet
 12266 | D:9      | Noticed a soul eater
 12276 | D:9      | Noticed a sun demon
 12277 | D:9      | Noticed a rust devil
 12278 | D:9      | Noticed a soul eater
 12280 | D:9      | Noticed a soul eater
 12280 | D:9      | Slain by a sun demon

Illustrated notes

Levels and vault maps discovered:
D:1:      spicycebolla_green_bress_n_ham, layout_basic,
          chequers_serial_rivers_micro_e, minmay_cupped
D:2:      layout_basic, hellmonk_ecumenical_altar_defaced_shrine
D:3:      layout_basic, nicolae_overflow_crystal_walls, serial_glass,
          glass_columns_a, glass_columns_a, minmay_divided_ellipse,
          uniq_terence, uniq_robin
D:4:      layout_loops_ring, minmay_temple_entry_tees, ebering_ghost_sewer_d,
          minmay_misc_feat_rows, minmay_misc_feat_plants
D:5:      layout_gridville
D:6:      layout_basic, nicolae_specific_store, lemuel_flame_loot_1,
          uniq_crazy_yiuf_cottage
D:7:      layout_rooms, serial_shops, nicolae_diamond_shop, chequers_avenue,
          nicolae_kite_square_tiling_tiny, uniq_duvessa
D:8:      layout_basic, nicolae_kikubaaqudgha_miasma_corner, kennysheep_mini,
          uniq_grum, uniq_pikel, uniq_joseph
D:9:      layout_roguey, gammafunk_temple_overflow_forgotten,
          due_lair_maze_entry_diamond, amcnicky_mini_pool_small,
          minmay_fire_ice_demons
Temple:   nicolae_temple_elliptical

Skill      XL: |  1  2  3  4  5  6  7  8  9 10 |
---------------+-------------------------------+-----
Fire Magic     | 3 4 6 7 |  7.3
Dodging        | 2 3 4 |  4.9
Stealth        | 2 |  2.8
Fighting       | 1 2 3 |  3.9
Armour         | 1 2 3 |  3.6
Conjurations   | 2 3 4 |  4.8
Short Blades   | 1 2 3 |  3.8
Spellcasting   | 3 4 5 |  5.8
Hexes          | 1 2 3 |  3.3
Evocations     | 1 2 3 |  3.3
Translocations | 1 2 |  2.6
Poison Magic   | 1 |  1.4
Ice Magic      | 1 |  1.9
Air Magic      | 1 |  1.7
Maces & Flails | |  0.9

Action                     |  1- 3 |  4- 6 |  7- 9 | 10-12 || total
---------------------------+-------+-------+-------+-------++-------
  Melee: Dagger            |    26 |    30 |    21 |       ||    77
         Mace              |       |       |     7 |    48 ||    55
   Cast: Foxfire           |   117 |   137 |   164 |    48 ||   466
         Scorch            |       |    20 |    51 |     6 ||    77
         Volatile Blastmot |       |     6 |     5 |    16 ||    27
         Inner Flame       |       |       |     2 |       ||     2
         Flame Wave        |       |       |     1 |     1 ||     2
  Evoke: Wand              |       |       |     4 |       ||     4
    Use: Scroll            |       |       |     5 |     7 ||    12
         Potion            |       |       |     1 |     4 ||     5
 Armour: Robe              |     4 |     6 |     9 |       ||    19
         Ring mail         |       |       |     8 |    36 ||    44
  Dodge: Dodged            |    18 |    17 |    31 |    21 ||    87
         Repelled          |       |       |     2 |       ||     2
